 Dungeon Crawl Stone Soup version 0.27-a0-1026-gbab068f60c (webtiles) character file.

Game seed: 14215850066127892156

690 DarkShadow the Covered (level 7, 0/61 HPs)
             Began as a Minotaur Fighter on Apr 18, 2021.
             Blown up by a gnoll (11 damage)
             ... with a mindburst bolt
             ... on level 5 of the Dungeon.
             The game lasted 00:10:23 (3706 turns).

DarkShadow the Covered (Minotaur Fighter)           Turns: 3706, Time: 00:10:23

Health: 0/61       AC: 11    Str: 23    XL:     7   Next: 36%
Magic:  6/6        EV:  6    Int:  5    God:
Gold:   217        SH: 10    Dex:  9    Spells: 6/6 levels left

rFire    . . .     SeeInvis .   a - +1 long sword
rCold    . . .     Faith    .   c - +0 kite shield
rNeg     . . .     Spirit   .   p - +0 chain mail
rPois    .         Reflect  .   (helmet restricted)
rElec    .         Harm     .   (no cloak)
rCorr    .         Rampage  .   i - +0 pair of gloves
Will     .....                  (no boots)
Stlth    ..........             (no amulet)
HPRegen  0.20/turn              (no ring)
MPRegen  0.10/turn              (no ring)

@: mighty
A: horns 2, retaliatory headbutt
a: no special abilities


You were on level 5 of the Dungeon.
You visited 2 branches of the dungeon, and saw 6 of its levels.

You collected 217 gold pieces.

Inventory:

Hand Weapons
 a - a +1 long sword (weapon)
Armour
 b - a +0 scale mail
 c - a +0 kite shield (worn)
 i - a +0 pair of gloves (worn)
 p - a +0 chain mail (worn)
Jewellery
 l - a +4 ring of evasion
 n - a ring of ice
 o - an amulet of reflection
 t - a ring of wizardry
Wands
 e - a wand of flame (23)
Potions
 f - a potion of invisibility {unknown}
 g - a potion of flight
 j - 2 potions of curing
 m - a potion of degeneration {unknown}
 q - a potion of magic {unknown}


   Skills:
 + Level 5.0 Fighting
 + Level 6.2 Long Blades
 + Level 6.4 Armour
 + Level 5.7 Shields


You had 6 spell levels left.
You didn't know any spells.
Your spell library contained the following spells:

 Spells                   Type           Power      Damage    Failure   Level
 Beastly Appendage        Tmut           0%         N/A       100%        1
 Wereblood                Tmut           0%         N/A       100%        2
 Spider Form              Tmut/Pois      0%         N/A       100%        3
 Ice Form                 Ice/Tmut       0%         N/A       100%        4
 Hydra Form               Tmut           0%         N/A       100%        5


Dungeon Overview and Level Annotations

Branches:
Dungeon (5/15)             Temple (1/1) D:4

Altars:
Ashenzari
Dithmenos
Makhleb
Nemelex Xobeh
Okawaru
Qazlal
Ru
Sif Muna
Trog
Wu Jian
Zin
The Shining One

Shops:
D:3 [


Innate Abilities, Weirdness & Mutations

You have a pair of horns on your head.
You reflexively headbutt those who attack you in melee.


Message History

You are poisoned.
The gnoll hits you but does no damage.
The gnoll hits you from afar with a +0 halberd.
You feel very mighty all of a sudden.
You feel very sick. You block the gnoll's attack.
You block the gnoll sergeant's attack. The gnoll barely misses you.
You riposte.
Your shield and chain mail prevent you from hitting the gnoll.
The gnoll barely misses you.
You barely miss the gnoll sergeant.
The gnoll sergeant is lightly wounded.
You feel very sick. The gnoll hits you but does no damage.
You block the gnoll sergeant's attack. The gnoll hits you with a +0 club.
* * * LOW HITPOINT WARNING * * *
The gnoll hits you but does no damage. You block the gnoll's attack.
The gnoll sergeant hits you with a +4 spear of venom.
* * * LOW HITPOINT WARNING * * *
You feel sick.
The gnoll sergeant hits you from afar with a +4 spear of venom.
* * * LOW HITPOINT WARNING * * *
Things that are here:
a +0 spear; 13 stones; a gnoll corpse You feel sick.
You feel sick.
You feel sick. The gnoll hits you but does no damage.
You block the gnoll's attack.
You feel sick.
You feel sick.
You are no longer poisoned.
The gnoll throws a stone.
You block the stone. You block the gnoll's attack.
The gnoll zaps a wand.
You struggle to resist.
The gnoll throws a stone.
You block the stone.
The gnoll throws a stone.
The stone closely misses you. The gnoll barely misses you.
You furiously retaliate!
You headbutt the gnoll!
You riposte.
You slash the gnoll!
You kill the gnoll!
The gnoll zaps a wand.
Your mind is blasted!
You die...

.......................
#.........##...........
#........###.......##..
...................#
#......#......g.#..#
#..[........#.g###..#
###....#....#..g.##.##..
#....####.#..).(.....#
##.....#.#.#...@.......
##...)...........<.....#
....#............##....#
....##.......##.##..####
..............#......# #
###..................#####.
##..........##.............
##...................##.....
##...................#.....##


You could see a gnoll sergeant and 2 gnolls.

Vanquished Creatures
  A necrophage (D:5)
  3 ogres
  A phantom (D:5)
  A hound (D:4)
  An orc priest (D:3)
  A centaur skeleton (D:5)
  An iguana (D:5)
  A hound zombie (D:3)
  A hound skeleton (D:4)
  2 gnolls (D:5)
  4 adders
  An adder skeleton (D:3)
  A worm (D:2)
  3 dart slugs
  2 orcs
  4 ball pythons
  5 bats
  7 endoplasms
  3 giant cockroaches
  5 goblins
  2 hobgoblins (D:2)
  7 jackals
  4 quokkas
  3 kobolds
  2 rats (D:1)
66 creatures vanquished.

Vanquished Creatures (collateral kills)
  An iguana (D:5)
1 creature vanquished.

Vanquished Creatures (others)
  An orc wizard (D:3)
1 creature vanquished.

Grand Total: 68 creatures vanquished

Notes
Turn   | Place    | Note
-------+----------+-------------------------------------------
     0 | D:1      | DarkShadow the Minotaur Fighter began the quest for the
                  | Orb.
     0 | D:1      | Reached XP level 1. HP: 19/19 MP: 0/0
   297 | D:1      | Reached XP level 2. HP: 26/27 MP: 1/1
   843 | D:2      | Reached XP level 3. HP: 22/33 MP: 2/2
  1313 | D:2      | Found a faded altar of an unknown god.
  1830 | D:3      | Reached XP level 4. HP: 40/40 MP: 3/3
  1927 | D:3      | Found Cageterch's Armour Boutique.
  1943 | D:3      | Found a sacrificial altar of Ru.
  2247 | D:4      | Reached XP level 5. HP: 43/47 MP: 4/4
  2326 | D:4      | Noticed an ogre
  2336 | D:4      | Killed an ogre
  2337 | D:4      | Reached skill level 5 in Armour
  2406 | D:4      | Found a sand-covered staircase.
  2446 | D:4      | Reached skill level 5 in Long Blades
  2446 | D:4      | Reached XP level 6. HP: 51/53 MP: 5/5
  2551 | D:4      | Reached skill level 5 in Shields
  2860 | D:4      | Found a sparkling altar of Nemelex Xobeh.
  2982 | D:4      | Found a staircase to the Ecumenical Temple.
  2989 | Temple   | Entered the Ecumenical Temple
  3299 | D:5      | Entered Level 5 of the Dungeon
  3555 | D:5      | Reached XP level 7. HP: 56/60 MP: 6/6
  3625 | D:5      | Reached skill level 5 in Fighting
  3706 | D:5      | Blown up by a gnoll

Illustrated notes

Levels and vault maps discovered:
D:1:      mrwooster_arrival_statue_2, layout_basic, chequers_jeans
D:2:      layout_loops_ring, chequers_ecumenical_altar_simple
D:3:      layout_rooms, nicolae_overflow_crystal_walls, serial_shops,
          nicolae_shop_stone, serial_undead, serial_undead_d, serial_undead_e,
          serial_undead_b, serial_undead_d
D:4:      layout_basic, nicolae_overflow_hidden_temple, temple_statues,
          enter_ossuary_1
D:5:      layout_cave_pools, eino_small_chamber_without_monster, chequers_garden
Temple:   eino_temple_lava

Skill      XL: |  1  2  3  4  5  6  7 |
---------------+----------------------+-----
Armour         | 4 5 6 |  6.4
Fighting       | 4 5 |  5.0
Shields        | 4 5 |  5.7
Long Blades    | 3 4 5 6 |  6.2

Action                   |  1- 3 |  4- 6 |  7- 9 || total
-------------------------+-------+-------+-------++-------
Melee: Long sword        |   100 |    86 |    10 ||   196
       Headbutt          |    15 |    23 |     3 ||    41
  Use: Scroll            |       |     6 |     1 ||     7
       Potion            |       |     1 |     2 ||     3
Armor: Scale mail        |    52 |    16 |       ||    68
       Chain mail        |       |    25 |     9 ||    34
Dodge: Dodged            |    29 |    20 |     9 ||    58
Block: Kite shield       |    47 |    59 |    21 ||   127
       Rpst.: Long sword |    11 |     4 |     5 ||    20

Table legend: (Time is in decaauts)
 A = Elapsed time spent in this place.
 B = Non-inter-level travel time spent in this place.
 C = Inter-level travel time spent in this place.
 D = Time resting spent in this place.
 E = Time spent auto-exploring this place.
 F = Levels seen in this place.
 G = Mean time per level.
                   A        B        C        D        E       F      G
               +--------+--------+--------+--------+--------+-----+--------+
         Total |   3792 |   3761 |     31 |    787 |   2103 |   6 |  632.0 |
       Dungeon |   3730 |   3699 |     31 |    787 |   2103 |   5 |  746.0 |
        Temple |     61 |     61 |      0 |      0 |      0 |   1 |   61.0 |
               +--------+--------+--------+--------+--------+-----+--------+

Top non-repeatable levels by time:
     D:4: 1064 daAuts
     D:2: 931 daAuts
     D:1: 801 daAuts
     D:3: 522 daAuts
     D:5: 410 daAuts
  Temple: 61 daAuts
